 Dungeon Crawl Stone Soup version 0.16-a0-3062-g2c62648 (webtiles) character file.

14366 bullock the Destroyer (level 12, -2/74 HPs)
             Began as an Octopode Wizard on Dec 10, 2014.
             Was a High Priest of Vehumet.
             Slain by an eight-headed hydra (5 damage)
             ... on level 1 of the Lair of Beasts.
             The game lasted 01:15:22 (16873 turns).

bullock the Destroyer (Octopode Wizard)            Turns: 16873, Time: 01:15:22

Health: -2/74      AC:  3    Str: 15    XL:     12   Next: 15%
Magic:  38/48      EV: 12    Int: 26    God:    Vehumet [*****.]
Gold:   700        SH:  0    Dex:  6    Spells: 8 memorised, 6 levels left

rFire  + . .     SeeInvis .     C - staff of conjuration
rCold  . . .     Clarity  .     (no shield)
rNeg   + + .     SustAb   .     b - +2 hat
rPois  +         Gourm    .     (no amulet)
rElec  .         Spirit   .     g - +3 ring of strength
rCorr  .         Warding  .     O - ring of poison resistance
rMut   .         Stasis   .     R - ring of invisibility
MR     +....                    S - ring of the Original Sin {Str+5 Int+2 Dex-5 Stlth+}
Stlth  ++++++....               V - ring "Thie" {Contam +Blink +Rage rF+ rN+ MP+9}
                                W - ring of Temptation {MR+ MP+9}
                                X - ring of positive energy
                                (no ring)

@: very slightly contaminated, repel missiles, somewhat resistant to hostile
enchantments, very stealthy
A: almost no armour, amphibious, 8 rings, constrict 8, camouflage 2, screaming
1, gelatinous body 1
a: Renounce Religion, Evoke Blink, Evoke Berserk Rage, Evoke Invisibility


You were on level 1 of the Lair of Beasts.
You worshipped Vehumet.
Vehumet was extremely pleased with you.
You were not hungry.

You visited 3 branches of the dungeon, and saw 14 of its levels.
You also visited: Labyrinth.

You collected 723 gold pieces.
You spent 23 gold pieces at shops.

Inventory:

Hand weapons
 P - a +1 spear of freezing
Armour
 b - a +2 hat (worn)
Magical staves
 w - an uncursed staff of cold
 C - an uncursed staff of conjuration (weapon)
Rods
 Y - a +9 rod of clouds (10/10)
   (You found it in a labyrinth)
Jewellery
 g - a +3 ring of strength (left tentacle)
 O - a ring of poison resistance (right tentacle)
 R - a ring of invisibility (on tentacle)
 S - the ring of the Original Sin (on tentacle) {Str+5 Int+2 Dex-5 Stlth+}
   (You found it in a labyrinth)

   [ring of stealth]

   It affects your strength (+5).
   It affects your intelligence (+2).
   It affects your dexterity (-5).
   It makes you more stealthy.
 V - the ring "Thie" (on tentacle) {Contam +Blink +Rage rF+ rN+ MP+9}
   (You found it in a labyrinth)

   [ring of magical power]

   It protects you from fire.
   It protects you from negative energy.
   It affects your magic capacity (+9).
   It lets you blink.
   It lets you go berserk.
   It causes magical contamination when unequipped.
 W - the ring of Temptation (on tentacle) {MR+ MP+9}
   (You found it in a labyrinth)

   [ring of magical power]

   It affects your resistance to hostile enchantments.
   It affects your magic capacity (+9).
 X - a ring of positive energy (on tentacle)
Magical devices
 q - a wand of paralysis (12)
 v - a wand of draining (3)
 B - a wand of cold (2)
 E - a wand of lightning (0)
Scrolls
 a - 6 scrolls of remove curse
 h - 5 scrolls of teleportation
 l - 2 scrolls of immolation
 m - 3 scrolls of enchant weapon
 o - 3 scrolls of recharging
 p - 2 scrolls of blinking
 y - a scroll of random uselessness {unknown}
 D - a scroll of acquirement {unknown}
 I - a scroll of holy word
 L - 5 scrolls of amnesia
Potions
 i - a potion of cure mutation {unknown}
 n - a potion of lignification {unknown}
 r - 7 potions of curing
 u - 2 potions of might {unknown}
 z - 3 potions of agility
 G - 4 potions of mutation {unknown}
 J - a potion of ambrosia
 K - 2 potions of poison {unknown}
 Q - 2 potions of invisibility {unknown}
Books
 c - a book of Minor Magic

   Spells                             Type                      Level
   a - Magic Dart                     Conjuration                  1
   b - Blink                          Translocation                2
   c - Call Imp                       Summoning                    2
   d - Repel Missiles                 Charms/Air                   2
   e - Slow                           Hexes                        2
   f - Conjure Flame                  Conjuration/Fire             3
   g - Mephitic Cloud                 Conjuration/Poison/Air       3
 M - a book of Ice

   Spells                             Type                      Level
   a - Ice Form                       Ice/Transmutation            4
   b - Metabolic Englaciation         Hexes/Ice                    5
   c - Ozocubu's Refrigeration        Ice                          6
   d - Bolt of Cold                   Conjuration/Ice              6
   e - Freezing Cloud                 Conjuration/Ice/Air          6
   f - Simulacrum                     Ice/Necromancy               6
 N - a book of Frost

   Spells                             Type                      Level
   a - Freeze                         Ice                          1
   b - Throw Frost                    Conjuration/Ice              2
   c - Ozocubu's Armour               Charms/Ice                   3
   d - Throw Icicle                   Conjuration/Ice              4
   e - Summon Ice Beast               Ice/Summoning                4
   f - Condensation Shield            Ice                          4
Comestibles
 d - 4 bread rations
 f - 3 chunks of flesh
 j - 32 fruits
 k - 8 beef jerkies
 s - 2 slices of pizza
 x - 3 meat rations


   Skills:
 - Level 4.0 Fighting
 - Level 4.2 Dodging
 - Level 5.0 Stealth
 + Level 9.8 Spellcasting
 + Level 12.4 Conjurations
   Level 1.0 Summonings
 - Level 5.0 Translocations
 * Level 6.8 Ice Magic


You had 6 spell levels left.
You knew the following spells:

 Your Spells              Type           Power        Failure   Level  Hunger
a - Magic Dart            Conj           ####         1%          1    None
b - Ozocubu's Armour      Chrm/Ice       ####....     4%          3    None
e - Throw Icicle          Conj/Ice       #######.     1%          4    None
f - Conjure Flame         Conj/Fire      ######..     1%          3    None
q - Blink                 Tloc           N/A          1%          2    None
r - Mephitic Cloud        Conj/Pois/Air  ######..     1%          3    None
v - Repel Missiles        Chrm/Air       ##....       10%         2    None
z - Bolt of Cold          Conj/Ice       #######...   4%          6    #####..


Dungeon Overview and Level Annotations

Branches:
Dungeon (12/15)            Temple (1/1) D:4            Lair (1/8) D:9
    Orc (0/4) D:11

Altars:
Ashenzari
Cheibriados
Dithmenos
Elyvilon
Fedhas
Gozag
Kikubaaqudgha
Makhleb
Nemelex Xobeh
Okawaru
Qazlal
Ru
Sif Muna
Trog
Vehumet
Xom
Yredelemnul
Zin
The Shining One

Shops:
D:4 %   D:7 [*(


Innate Abilities, Weirdness & Mutations

You cannot wear most types of armour.
You are amphibious.
You can wear up to eight rings at the same time.
You can use your tentacles to constrict many enemies at once.
Your skin blends seamlessly with your surroundings (Stealth).
Your rubbery body absorbs attacks (AC +1).
You occasionally shout uncontrollably at your foes.


Message History

The hound is lightly wounded.
The hound misses you. The hound bites you.
A crocodile comes into view.
Unknown command.
Casting: Mephitic Cloud
Confirm with . or Enter, or press ? or * to list all spells.
You miscast Blink.
You are very lightly contaminated with residual magic.
Nothing appears to happen.
The hound closely misses you. The eight-headed hydra bites you! x2
The eight-headed hydra bites you. The eight-headed hydra bites you!
* * * LOW HITPOINT WARNING * * *
The eight-headed hydra bites you.
* * * LOW HITPOINT WARNING * * *
The eight-headed hydra bites you.
* * * LOW HITPOINT WARNING * * *
The eight-headed hydra bites you!
* * * LOW HITPOINT WARNING * * *
The eight-headed hydra bites you.
You die...

##. #.... ###
####.....
#P###.#.....?
##..##.........
#...##@h.......
#§§§D.......t.
#§§§.........
#§§§.###.....
.....## ....)
...#.# ##.
#####. ##


You could see an eight-headed hydra, a crocodile and a hound.

Vanquished Creatures
  A minotaur (Lab)
  The ghost of gabygaby the Summoner, an experienced TeSu of Sif Muna (D:10)
  A hill giant (D:10)
  An orc knight (D:10)
  An ugly thing (D:11)
  The ghost of bullock the Conjurer, an experienced OpWz (D:6)
  A guardian serpent (D:11)
  3 trolls
  13 yaks
  A wraith (D:10)
  Eustachio (D:5)
  A human (D:11)
  A deep elf mage (D:10)
  A hungry ghost (D:9)
  2 hippogriffs
  A warg (D:11)
  Edmund (D:11)
  A mottled dragon (D:11)
  3 ice beasts
  An eye of draining (D:10)
  6 orc warriors
  5 sky beasts
  A necrophage (D:9)
  A phantom (D:10)
  5 ogres
  2 yellow wasps
  7 centaurs
  4 big kobolds
  14 giant frogs
  A wyvern skeleton (D:10)
  2 scorpions
  20 wights
  9 jellies
  4 killer bees (D:10)
  4 giant frog zombies
  9 crimson imps
  An iron imp (D:10)
  A quasit (D:9)
  A giant frog skeleton (D:8)
  4 hounds
  13 orc priests
  7 worker ants
  2 centaur skeletons
  9 orc wizards
  4 iguanas
  A killer bee zombie (D:5)
  Ijyb (D:7)
  Terence (D:3)
  A mummy (D:11)
  2 worker ant zombies
  18 adders
  5 gnolls
  A river rat (D:10)
  5 shadow imps
  4 giant mites
  5 worms
  An adder skeleton (D:8)
  2 giant geckos
  44 orcs
  2 ball pythons (D:3)
  7 giant cockroaches
  14 goblins
  23 hobgoblins
  4 jackals
  30 kobolds
  7 quokkas
  16 bats
  7 giant newts
  2 quokka skeletons
  A quokka zombie (D:5)
  18 rats
  29 ballistomycetes (D:10)
424 creatures vanquished.

Vanquished Creatures (collateral kills)
  A hound (D:5)
1 creature vanquished.

Vanquished Creatures (others)
  2 giant spores (D:10)
  A ballistomycete (D:10)
3 creatures vanquished.

Grand Total: 428 creatures vanquished

Notes
Turn   | Place    | Note
--------------------------------------------------------------
     0 | D:1      | bullock, the Octopode Wizard, began the quest for the Orb.
     0 | D:1      | Reached XP level 1. HP: 11/11 MP: 4/4
   403 | D:1      | Reached XP level 2. HP: 17/17 MP: 1/6
   972 | D:2      | Learned a level 2 spell: Blink
   975 | D:2      | Learned a level 2 spell: Repel Missiles
  1206 | D:2      | Reached XP level 3. HP: 21/21 MP: 6/8
  1569 | D:2      | Reached XP level 4. HP: 15/27 MP: 3/9
  2148 | D:2      | Reached skill level 4 in Stealth
  2725 | D:3      | Reached XP level 5. HP: 29/31 MP: 4/11
  3081 | D:3      | Noticed Terence
  3089 | D:3      | Killed Terence
  3976 | D:4      | Reached skill level 5 in Stealth
  3976 | D:4      | Reached XP level 6. HP: 15/36 MP: 8/13
  4214 | D:4      | Found a staircase to the Ecumenical Temple.
  4220 | Temple   | Entered the Ecumenical Temple
  4283 | Temple   | Became a worshipper of Vehumet
  4535 | D:4      | Found an opulent altar of Gozag.
  4615 | D:4      | Found an iron altar of Okawaru.
  4875 | D:4      | Learned a level 3 spell: Mephitic Cloud
  4879 | D:4      | Learned a level 3 spell: Conjure Flame
  4899 | D:4      | Reached skill level 5 in Conjurations
  5041 | D:4      | Reached XP level 7. HP: 41/41 MP: 12/17
  5043 | D:4      | Found a stormy altar of Qazlal.
  5080 | D:4      | Noticed an ogre
  5091 | D:4      | Killed an ogre
  5237 | D:4      | Found Psa Raext's Food Shoppe.
  5442 | D:5      | Entered Level 5 of the Dungeon
  5512 | D:5      | Reached skill level 6 in Conjurations
  5612 | D:5      | Noticed Eustachio
  5628 | D:5      | Killed Eustachio
  5628 | D:5      | Reached skill level 5 in Spellcasting
  5628 | D:5      | Reached XP level 8. HP: 16/46 MP: 12/20
  5768 | D:5      | Reached skill level 7 in Conjurations
  5773 | D:5      | Acquired Vehumet's first power
  5773 | D:5      | Offered knowledge of Flame Tongue by Vehumet.
  5783 | D:5      | HP: 2/46 [cloud of noxious fumes (2)]
  6586 | D:6      | Reached skill level 8 in Conjurations
  6714 | D:6      | Found a burning altar of Makhleb.
  6988 | D:6      | Noticed bullock's ghost (experienced OpWz)
  7003 | D:6      | Killed bullock's ghost
  7003 | D:6      | Reached skill level 9 in Conjurations
  7003 | D:6      | Reached XP level 9. HP: 51/51 MP: 12/23
  7246 | D:6      | Found a snail-covered altar of Cheibriados.
  7253 | D:6      | Offered knowledge of Searing Ray by Vehumet.
  7477 | D:6      | Found a shadowy altar of Dithmenos.
  7555 | D:6      | Found a bloodstained altar of Trog.
  7797 | D:7      | Reached skill level 10 in Conjurations
  7886 | D:7      | Noticed Ijyb
  7912 | D:7      | Killed Ijyb
  7985 | D:7      | Found Kusaaxiv's Antique Weapon Shop.
  8178 | D:6      | Offered knowledge of Throw Frost by Vehumet.
  8236 | D:7      | Found Bakoet's Assorted Antiques.
  8244 | D:7      | Bought a scroll labeled CIAFAESTRAU for 23 gold pieces
  8743 | D:7      | Reached XP level 10. HP: 40/56 MP: 22/25
  8748 | D:7      | Acquired Vehumet's second power
  8856 | D:7      | Found Blettat's Antique Armour Boutique.
  9268 | D:7      | Reached skill level 5 in Translocations
  9298 | D:7      | Reached skill level 11 in Conjurations
  9309 | D:7      | Gained mutation: You occasionally shout uncontrollably at your foes. [mutagenic meat]
  9310 | D:7      | Gained mutation: Your skin blends seamlessly with your surroundings (Stealth). [mutagenic meat]
  9510 | D:7      | Reached skill level 1 in Fighting
  9794 | D:8      | Found a shimmering altar of Xom.
  9906 | D:8      | Offered knowledge of Iskenderun's Mystic Blast by Vehumet.
 10442 | D:8      | Found a shadowy altar of Dithmenos.
 10875 | D:9      | Found a stormy altar of Qazlal.
 10885 | D:9      | Noticed Edmund
 11607 | D:9      | Acquired Vehumet's third power
 11742 | D:9      | Found a staircase to the Lair.
 11834 | D:9      | Offered knowledge of Stone Arrow by Vehumet.
 12251 | D:9      | Reached XP level 11. HP: 67/67 MP: 28/28
 12433 | D:10     | Entered Level 10 of the Dungeon
 12559 | D:10     | Offered knowledge of Sticky Flame by Vehumet.
 12782 | D:10     | Learned a level 4 spell: Throw Icicle
 12789 | D:10     | Learned a level 6 spell: Bolt of Cold
 12793 | D:10     | Learned a level 3 spell: Ozocubu's Armour
 12825 | D:10     | Noticed a hill giant
 13091 | D:10     | Noticed gabygaby's ghost (experienced TeSu)
 13208 | D:10     | HP: 1/67 [ice beast[gabygaby's ghost] (10)]
 13212 | D:10     | Killed gabygaby's ghost
 13212 | D:10     | Reached skill level 1 in Ice Magic
 13408 | D:10     | Killed a hill giant
 15021 | D:10     | Noticed an orc knight
 15028 | D:10     | Killed an orc knight
 15028 | D:10     | Reached skill level 12 in Conjurations
 15316 | D:11     | Found a labyrinth entrance.
 15326 | Lab      | Entered a labyrinth
 15507 | Lab      | Noticed a minotaur
 15512 | Lab      | Killed a minotaur
 15512 | Lab      | Reached skill level 5 in Ice Magic
 15576 | Lab      | Got a clouded golden ring
 15576 | Lab      | Got a steaming glass ring
 15576 | Lab      | Got a warped glass ring
 15578 | Lab      | Identified the ring of the Original Sin {Str+5 Int+2 Dex-5 Stlth+} (You found it in a labyrinth)
 15581 | Lab      | Identified the ring "Thie" {Contam +Blink +Rage rF+ rN+ MP+9} (You found it in a labyrinth)
 15582 | Lab      | Identified the ring of Temptation {MR+ MP+9} (You found it in a labyrinth)
 15597 | Lab      | Got an encrusted flail
 15597 | Lab      | Got a warped eveningstar
 15599 | Lab      | Identified the cursed -2 flail of Vuloneasch {flame, Dex+4} (You found it in a labyrinth)
 15602 | Lab      | Identified the +3 eveningstar "Chavymebb" {holy, Stlth+} (You found it in a labyrinth)
 15608 | Lab      | Identified a -3 rod of the swarm (13/13) (You took it off a crimson imp on level 10 of the Dungeon)
 15609 | Lab      | Identified a +9 rod of clouds (10/10) (You found it in a labyrinth)
 15610 | Lab      | Identified a +5 rod of clouds (10/10) (You found it in a labyrinth)
 15948 | D:11     | Killed Edmund
 16063 | D:11     | Reached XP level 12. HP: 74/74 MP: 29/29
 16329 | D:11     | Found a staircase to the Orcish Mines.
 16822 | D:10     | Offered knowledge of Ignite Poison by Vehumet.
 16868 | Lair:1   | Entered Level 1 of the Lair of Beasts
 16868 | Lair:1   | Noticed an eight-headed hydra
 16873 | Lair:1   | HP: 3/74 [eight-headed hydra (15)]
 16873 | Lair:1   | Slain by an eight-headed hydra

Action                   |  1- 3 |  4- 6 |  7- 9 | 10-12 || total
-------------------------+-------+-------+-------+-------++-------
Melee: Unarmed           |     3 |       |       |       ||     3
       Short sword       |     8 |    28 |   116 |    12 ||   164
       Spear             |       |       |       |   629 ||   629
       Staff             |       |       |       |     1 ||     1
 Cast: Magic Dart        |    71 |   154 |   255 |   305 ||   785
       Repel Missiles    |     1 |       |     1 |     2 ||     4
       Blink             |       |     5 |    14 |    25 ||    44
       Mephitic Cloud    |       |     1 |    20 |    53 ||    74
       Conjure Flame     |       |       |    19 |    61 ||    80
       Throw Icicle      |       |       |       |   112 ||   112
       Bolt of Cold      |       |       |       |     2 ||     2
Evoke: Wand              |       |       |       |    12 ||    12
  Use: Scroll            |       |     5 |     2 |    13 ||    20
       Potion            |       |       |     1 |     2 ||     3
 Stab: Confused          |       |     1 |     5 |    11 ||    17
       Sleeping          |       |       |     5 |     6 ||    11
  Eat: Chunk             |     1 |    11 |    12 |    30 ||    54
       Fruit             |       |       |       |     4 ||     4
       Royal jelly       |       |       |       |     1 ||     1
